 Dungeon Crawl Stone Soup version 0.13-a0-2719-g654be61 (webtiles) character file.

969 4tharraofdagon the Magician (level 7, 0/50 HPs)
             Began as a Demigod Fire Elementalist on Aug 18, 2013.
             Slain by 4tharraofdagon's ghost (17 damage)
             ... on Level 6 of the Dungeon.
             The game lasted 00:13:42 (2737 turns).

4tharraofdagon the Magician (DgFE)                  Turns: 2737, Time: 00:13:42

HP   0/50        AC  5     Str 14      XL: 7   Next: 28%
MP  21/21        EV 12     Int 20 (21) God:
Gold 196         SH  0     Dex 16      Spells:  3 memorised,  8 levels left

Res.Fire  : . . .   See Invis. : +   f - +0,+1 orc trident (venom)
Res.Cold  : . . .   Warding    : .   a - +1 robe
Life Prot.: . . .   Conserve   : .   (no shield)
Res.Poison: .       Res.Corr.  : .   D - +0 helmet
Res.Elec. : .       Clarity    : .   x - +0 cloak
Sust.Abil.: . .     Spirit.Shd : .   (no gloves)
Res.Mut.  : .       Stasis     : .   (no boots)
Res.Rott. : .       Flight     : .   (no amulet)
Saprovore : . . .                    d - ring of regeneration
                                     h - ring of see invisible

@: slightly resistant to hostile enchantments, fairly stealthy
A: blurry vision 1, spit poison 1, wild magic 1
a: Spit Poison


You were on level 6 of the Dungeon.
You were not hungry.

You visited 1 branch of the dungeon, and saw 7 of its levels.

You collected 176 gold pieces.

Inventory:

Hand weapons
 f - a +0,+1 orcish trident of venom (weapon)
 o - a +1,+1 dagger of electrocution (quivered)
 p - a cursed -1,+0 mace
 w - a +4,+3 quarterstaff of chaos
Armour
 a - a +1 robe (worn)
 q - the +8 chain mail of Listlessness {Int+3 SInv}
   (You found it on level 4 of the Dungeon)

   It affects your intelligence (+3).
   It enhances your eyesight.
 x - a +0 cloak (worn)
 D - a +0 helmet (worn)
Magical devices
 u - a wand of hasting (7)
 y - a wand of enslavement (10) {unknown}
 A - a wand of confusion (7) {unknown}
Comestibles
 c - a bread ration
 j - an apple
 v - a lemon
 B - a chunk of gnoll flesh
 C - a chunk of worm flesh
 E - 2 chunks of gnoll flesh
Scrolls
 e - 3 scrolls of enchant armour
 i - 3 scrolls of remove curse
 s - a scroll of blinking
 z - a scroll of teleportation {unknown}
Jewellery
 d - a ring of regeneration (right hand)
 g - an uncursed ring of see invisible
 h - a ring of see invisible (left hand)
 k - an uncursed ring of flight
Potions
 l - a potion of confusion {unknown}
 m - 3 potions of curing {unknown}
 n - a potion of beneficial mutation {unknown}
Books
 b - a book of Flames

   Spells                             Type                      Level
   *Flame Tongue                      Conjuration/Fire             1
   Throw Flame                        Conjuration/Fire             2
   *Conjure Flame                     Conjuration/Fire             3
   Inner Flame                        Hexes/Fire                   3
   *Sticky Flame                      Conjuration/Fire             4
   Fireball                           Conjuration/Fire             5
 r - a book of Conjurations

   Spells                             Type                      Level
   Magic Dart                         Conjuration                  1
   Searing Ray                        Conjuration                  2
   Dazzling Spray                     Conjuration/Hexes            3
   Iskenderun's Mystic Blast          Conjuration                  4
   Iskenderun's Battlesphere          Conjuration/Charms           4
   Fulminant Prism                    Conjuration/Hexes            5
Rods
 t - a +8 rod of demonology (9/9)
   (You acquired it on level 6 of the Dungeon)


   Skills:
 - Level 0.1 Armour
 - Level 1.7 Dodging
 - Level 1.7 Stealth
 * Level 5.0 Spellcasting
 + Level 3.6 Conjurations
 + Level 4.6 Fire Magic


You had 8 spell levels left.
You knew the following spells:

 Your Spells              Type           Power        Failure   Level  Hunger
a - Flame Tongue          Conj/Fire      ####.        7%          1    None
b - Conjure Flame         Conj/Fire      ####....     19%         3    ##.....
c - Sticky Flame          Conj/Fire      ####....     38%         4    ####...


Dungeon Overview and Level Annotations

Branches:
Dungeon (7/27)
 Temple: D:4-7          Orc: D:6-11

Annotations
D:5 Dowan, Duvessa
D:6 4tharraofdagon's ghost, experienced TrMo
D:7 Joseph


Innate Abilities, Weirdness & Mutations

Your vision is a little blurry.
You can spit poison.
Your spells are a little harder to cast, but a little more powerful.


Message History

You see here 2 sling bullets.
Eat one of 2 chunks of worm flesh? (ye/n/q/i?) This raw flesh tastes terrible.
Joseph shoots a sling bullet of flame.
The sling bullet of flame hits you!
Ouch! That really hurt!
You continue eating.
Joseph shoots a sling bullet of flame.
The sling bullet of flame hits you!
* * * LOW HITPOINT WARNING * * *
You continue eating.
Unknown command.
Unknown command.
You climb upwards.
There is a stone staircase leading down here.
Unknown command. 4tharraofdagon's ghost (experienced Troll Monk) comes into view. 4tharraofdagon's ghost turns its malevolent gaze towards you. 4tharraofdagon's ghost hits you but does no damage.
Unknown command. 4tharraofdagon's ghost hits you!
You die...

#...# #### #...## ...#
#########....##...#####
.......................
###...##...<.##...###.#
###...##.......#### #.####
##...#######...######....#
.........................#
.........>.....p@........#
###########...#####.....#####
# ##### #............. #
#.#.>...##### # #.#....##...#
# #########.#.##......## #
#.........#............ #
#.....########...##... #
#.....########.####...


You could see 4tharraofdagon's ghost.

Vanquished Creatures
  Edmund (D:4)
  Menkaure (D:5)
  A phantom (D:4)
  An ogre (D:3)
  A jelly (D:6)
  Crazy Yiuf (D:4)
  An orc priest (D:6)
  An iguana (D:6)
  3 worker ants
  An orc wizard (D:3)
  A killer bee zombie (D:6)
  4 gnolls (D:6)
  4 adders
  A worm (D:6)
  An ooze (D:2)
  8 orcs
  4 giant cockroaches
  8 goblins
  4 hobgoblins
  4 jackals (D:6)
  7 bats
  4 giant geckos
  A giant gecko skeleton (D:6)
  6 kobolds
  An orc skeleton (D:6)
  A quokka (D:4)
  7 rats
78 creatures vanquished.

Notes
Turn   | Place    | Note
--------------------------------------------------------------
     0 | D:1      | 4tharraofdagon, the Demigod Fire Elementalist, began the quest for the Orb.
     0 | D:1      | Reached XP level 1. HP: 14/14 MP: 5/5
    79 | D:1      | Reached skill level 1 in Conjurations
   219 | D:1      | Reached XP level 2. HP: 12/20 MP: 6/6
   480 | D:3      | Reached skill level 3 in Fire Magic
   696 | D:4      | Noticed an ogre
   791 | D:3      | Reached XP level 3. HP: 20/26 MP: 1/9
   796 | D:3      | Learned a level 3 spell: Conjure Flame
  1368 | D:2      | Reached XP level 4. HP: 17/33 MP: 12/12
  1661 | D:3      | Killed an ogre
  1661 | D:3      | Reached XP level 5. HP: 23/38 MP: 7/14
  1746 | D:4      | Learned a level 4 spell: Sticky Flame
  1813 | D:4      | Got a shimmering chain mail
  1831 | D:4      | Identified the +8 chain mail of Listlessness {Int+3 SInv} (You found it on level 4 of the Dungeon)
  1881 | D:4      | Noticed a phantom
  1906 | D:4      | Killed a phantom
  1948 | D:4      | Noticed Edmund
  1957 | D:4      | Killed Edmund
  1957 | D:4      | Reached skill level 4 in Spellcasting
  1957 | D:4      | Reached XP level 6. HP: 35/45 MP: 12/18
  2026 | D:4      | Noticed Crazy Yiuf
  2034 | D:4      | Killed Crazy Yiuf
  2151 | D:5      | Entered Level 5 of the Dungeon
  2151 | D:5      | Noticed Menkaure
  2155 | D:5      | Killed Menkaure
  2173 | D:5      | Noticed Duvessa
  2174 | D:5      | Noticed Dowan
  2198 | D:6      | Reached XP level 7. HP: 26/50 MP: 7/21
  2257 | D:6      | Gained mutation: Your vision is a little blurry. [potion of mutation]
  2257 | D:6      | Gained mutation: You can spit poison. [potion of mutation]
  2257 | D:6      | Gained mutation: Your spells are a little harder to cast, but a little more powerful. [potion of mutation]
  2279 | D:6      | Identified a scroll of acquirement
  2284 | D:6      | Identified a +8 rod of demonology (9/9) (You acquired it on level 6 of the Dungeon)
  2343 | D:7      | Noticed Joseph
  2447 | D:6      | HP: 1/50 [orc priest/orcish short sword (5)]
  2542 | D:6      | Reached skill level 5 in Spellcasting
  2731 | D:6      | Noticed 4tharraofdagon's ghost (experienced TrMo)
  2737 | D:6      | Slain by 4tharraofdagon's ghost

Action                   |  1- 3 |  4- 6 |  7- 9 || total
-------------------------+-------+-------+-------++-------
Melee: Unarmed           |    20 |       |       ||    20
       Trident           |    23 |    65 |    62 ||   150
 Cast: Flame Tongue      |    58 |    26 |    10 ||    94
       Conjure Flame     |       |     5 |     2 ||     7
       Sticky Flame      |       |     2 |     2 ||     4
  Use: Scroll            |     4 |     4 |     8 ||    16
       Potion            |     2 |       |     1 ||     3
 Stab: Sleeping          |       |     2 |       ||     2
